WIN
MILWAUKEE (WIN) BREWERS @ SEATTLE (WIN) MARINERS
12/01/2045
 
TOP OF THE 1ST
Milwaukee (WIN) Brewers batting - Pitching for Seattle (WIN) Mariners : RHP Dwain Ashford
Pitching: RHP Dwain Ashford
Batting: RHB Daniel Donovan 0-0: Called Strike
0-1: Ball
1-1: Swinging Strike
1-2: Strikes out swinging
Batting: RHB Nick Garland 0-0: Ground out 5-3 (Groundball, 56, EV 80.0 MPH)
Batting: RHB Adrian Rudkilde 0-0: Ball
1-0: Ball
2-0: SINGLE (Groundball, 6MD, EV 103.1 MPH)
Batting: SHB Jamel Wright 0-0: Ball
1-0: Swinging Strike
1-1: Called Strike
1-2: Ball
2-2: Strikes out swinging
Top of the 1st over - 0 runs, 1 hit, 0 errors, 1 left on base; Milwaukee (WIN) 0 - Seattle (WIN) 0
BOTTOM OF THE 1ST
Seattle (WIN) Mariners batting - Pitching for Milwaukee (WIN) Brewers : RHP Mark Hincks
Pitching: RHP Mark Hincks
Batting: LHB Jerrod Cluck 0-0: Called Strike
0-1: Swinging Strike
0-2: Foul Ball, location: 2F
0-2: Ball
1-2: Strikes out swinging
Batting: LHB Jawad Fahad 0-0: Ball
1-0: Called Strike
1-1: Called Strike
1-2: Fly out, F8 (Line Drive, 8LD, EV 102.5 MPH)
Batting: RHB Harutomi Matsubara 0-0: Ball
1-0: Ball
2-0: Ground out 6-3 (Groundball, 6M, EV 88.1 MPH)
Bottom of the 1st over - 0 runs, 0 hits, 0 errors, 0 left on base; Milwaukee (WIN) 0 - Seattle (WIN) 0
TOP OF THE 2ND
Milwaukee (WIN) Brewers batting - Pitching for Seattle (WIN) Mariners : RHP Dwain Ashford
Batting: LHB Gabe Harvey 0-0: Swinging Strike
0-1: Ball
1-1: Ball
2-1: Fly out, F8 (Flyball, 8RD, EV 92.5 MPH)
Batting: RHB Eddie McCoy 0-0: Called Strike
0-1: Called Strike
0-2: Ball
1-2: Strikes out swinging
Batting: LHB Alfredo de la Cruz 0-0: SINGLE (Groundball, 4MD, EV 102.5 MPH)
Batting: RHB Vinny Estrada 0-0: Ball
1-0: Foul Ball, location: 2F
1-1: Fielders Choice at 2nd, 6-4 (Groundball, 6, EV 81.9 MPH)
Top of the 2nd over - 0 runs, 1 hit, 0 errors, 1 left on base; Milwaukee (WIN) 0 - Seattle (WIN) 0
BOTTOM OF THE 2ND
Seattle (WIN) Mariners batting - Pitching for Milwaukee (WIN) Brewers : RHP Mark Hincks
Batting: LHB Ryan Lowe 0-0: Ball
1-0: Called Strike
1-1: Ball
2-1: Swinging Strike
2-2: Strikes out swinging
Batting: LHB Caleb Domino 0-0: SINGLE (Groundball, 4MD, EV 109.4 MPH)
Batting: RHB Malik Brookshire 0-0: Swinging Strike
0-1: Called Strike
0-2: Ball
1-2: Ball
2-2: Ball
3-2: DOUBLE (Flyball, 89D, EV 101.2 MPH)
Caleb Domino to third
Batting: RHB Brad Robidas 0-0: Ball
1-0: Foul Ball, location: 2F
1-1: Foul Ball, location: 2F
1-2: Foul Ball, location: 2F
1-2: Strikes out swinging
Batting: RHB Rick Ellis 0-0: Ball
1-0: SINGLE (Groundball, 34D, EV 96.2 MPH)
Caleb Domino scores
Malik Brookshire to third
Runner from 3rd tries for Home, throw by RF and OUT! 9-2
Bottom of the 2nd over - 1 run, 3 hits, 0 errors, 1 left on base; Milwaukee (WIN) 0 - Seattle (WIN) 1
TOP OF THE 3RD
Milwaukee (WIN) Brewers batting - Pitching for Seattle (WIN) Mariners : RHP Dwain Ashford
Batting: LHB Aaron Mobley 0-0: Called Strike
0-1: Foul Ball, location: 2F
0-2: Ball
1-2: Ball
2-2: Ball
3-2: Foul Ball, location: 2F
3-2: Ground out 4-3 (Groundball, 34, EV 81.2 MPH)
Batting: RHB Daniel Donovan 0-0: Called Strike
0-1: Ball
1-1: Ball
2-1: Foul Ball, location: 2F
2-2: Ball
3-2: Fly out, F9 (Flyball, 89M, EV 75.0 MPH)
Batting: RHB Nick Garland 0-0: Ball
1-0: Ball
2-0: Ground out 1-3 (Groundball, 13S, EV 74.4 MPH)
Top of the 3rd over - 0 runs, 0 hits, 0 errors, 0 left on base; Milwaukee (WIN) 0 - Seattle (WIN) 1
BOTTOM OF THE 3RD
Seattle (WIN) Mariners batting - Pitching for Milwaukee (WIN) Brewers : RHP Mark Hincks
Batting: RHB Bill Vives 0-0: Foul Ball, location: 2F
0-1: Swinging Strike
0-2: Strikes out swinging
Batting: LHB Jerrod Cluck 0-0: Called Strike
0-1: Foul Ball, location: 2F
0-2: Ball
1-2: Foul Ball, location: 2F
1-2: Ball
2-2: Foul Ball, location: 2F
2-2: Foul Ball, location: 2F
2-2: Foul Ball, location: 2F
2-2: Strikes out swinging
Batting: LHB Jawad Fahad 0-0: Ball
1-0: Called Strike
1-1: Called Strike
1-2: Ball
2-2: Foul Ball, location: 2F
2-2: Strikes out swinging
Bottom of the 3rd over - 0 runs, 0 hits, 0 errors, 0 left on base; Milwaukee (WIN) 0 - Seattle (WIN) 1
TOP OF THE 4TH
Milwaukee (WIN) Brewers batting - Pitching for Seattle (WIN) Mariners : RHP Dwain Ashford
Batting: RHB Adrian Rudkilde 0-0: Swinging Strike
0-1: Ball
1-1: DOUBLE (Line Drive, 89XD, EV 110.6 MPH)
Batting: SHB Jamel Wright 0-0: Ground out U3 (Groundball, 3, EV 79.4 MPH)
Adrian Rudkilde to third
Batting: LHB Gabe Harvey 0-0: Ball
1-0: Swinging Strike
1-1: Foul Ball, location: 2F
1-2: Strikes out swinging
Batting: RHB Eddie McCoy 0-0: Ball
1-0: Foul Ball, location: 2F
1-1: Fly out, F6 (Flyball, 56D, EV 88.1 MPH)
Top of the 4th over - 0 runs, 1 hit, 0 errors, 1 left on base; Milwaukee (WIN) 0 - Seattle (WIN) 1
BOTTOM OF THE 4TH
Seattle (WIN) Mariners batting - Pitching for Milwaukee (WIN) Brewers : RHP Mark Hincks
Batting: RHB Harutomi Matsubara 0-0: Ball
1-0: Foul Ball, location: 2F
1-1: Foul Ball, location: 2F
1-2: SOLO HOME RUN (Flyball, 7D, EV 99.4 MPH), Distance : 376 ft
Batting: LHB Ryan Lowe 0-0: Foul Ball, location: 2F
0-1: DOUBLE (Flyball, 8RXD, EV 98.8 MPH)
Batting: LHB Caleb Domino 0-0: Called Strike
0-1: Ball
1-1: SINGLE (Groundball, 34D, EV 105.0 MPH)
Ryan Lowe to third
Batting: RHB Malik Brookshire 0-0: Ball
1-0: Grounds into double play, 4-6-3 (Groundball, 4, EV 90.0 MPH)
Ryan Lowe scores
Batting: RHB Brad Robidas 0-0: Foul Ball, location: 2F
0-1: Ball
1-1: Called Strike
1-2: Strikes out looking
Bottom of the 4th over - 2 runs, 3 hits, 0 errors, 0 left on base; Milwaukee (WIN) 0 - Seattle (WIN) 3
TOP OF THE 5TH
Milwaukee (WIN) Brewers batting - Pitching for Seattle (WIN) Mariners : RHP Dwain Ashford
Batting: LHB Alfredo de la Cruz 0-0: Ball
1-0: Ball
2-0: Ball
3-0: Called Strike
3-1: Base on Balls
Batting: RHB Vinny Estrada 0-0: Called Strike
0-1: Ball
1-1: Ball
2-1: Ball
3-1: Called Strike
3-2: Strikes out swinging
Alfredo de la Cruz is caught stealing 2nd base 2-4
Batter strikes out.
Batting: LHB Aaron Mobley 0-0: Ball
1-0: Ball
2-0: Foul Ball, location: 2F
2-1: Ball
3-1: Foul Ball, location: 2F
3-2: Fly out, F8 (Flyball, 8LM, EV 94.4 MPH)
Top of the 5th over - 0 runs, 0 hits, 0 errors, 0 left on base; Milwaukee (WIN) 0 - Seattle (WIN) 3
BOTTOM OF THE 5TH
Seattle (WIN) Mariners batting - Pitching for Milwaukee (WIN) Brewers : RHP Mark Hincks
Batting: RHB Rick Ellis 0-0: Ball
1-0: Called Strike
1-1: Fly out, F7 (Flyball, 7D, EV 90.6 MPH)
Batting: RHB Bill Vives 0-0: Called Strike
0-1: Swinging Strike
0-2: Ball
1-2: Fly out, F8 (Line Drive, 8RM, EV 91.9 MPH)
Batting: LHB Jerrod Cluck 0-0: Called Strike
0-1: Foul Ball, location: 2F
0-2: Foul Ball, location: 2F
0-2: Ground out 5-3 (Groundball, 5, EV 108.8 MPH)
Bottom of the 5th over - 0 runs, 0 hits, 0 errors, 0 left on base; Milwaukee (WIN) 0 - Seattle (WIN) 3
TOP OF THE 6TH
Milwaukee (WIN) Brewers batting - Pitching for Seattle (WIN) Mariners : RHP Dwain Ashford
Batting: RHB Daniel Donovan 0-0: Called Strike
0-1: Called Strike
0-2: Ball
1-2: SINGLE (Groundball, 34D, EV 97.5 MPH)
Batting: RHB Nick Garland 0-0: Ball
1-0: Ball
2-0: Ball
3-0: Base on Balls
Daniel Donovan to second
Pitching: RHP Omar Colunga
Batting: RHB Adrian Rudkilde 0-0: Ball
Nick Garland steals 2nd base
Daniel Donovan steals 3rd base
1-0: 3-RUN HOME RUN (Flyball, 7LD, EV 94.4 MPH), Distance : 349 ft
Batting: SHB Jamel Wright 0-0: Ball
1-0: Ball
2-0: Ball
3-0: Base on Balls
Batting: LHB Gabe Harvey 0-0: Ball
1-0: Called Strike
Jamel Wright steals 2nd base
1-1: Swinging Strike
1-2: Strikes out looking
Batting: RHB Eddie McCoy 0-0: Ball
1-0: Called Strike
Jamel Wright steals 3rd base
1-1: Swinging Strike
1-2: Ball
2-2: Ball
3-2: Strikes out swinging
Batting: LHB Alfredo de la Cruz 0-0: Ground out 4-3 (Groundball, 4, EV 86.9 MPH)
Top of the 6th over - 3 runs, 2 hits, 0 errors, 1 left on base; Milwaukee (WIN) 3 - Seattle (WIN) 3
BOTTOM OF THE 6TH
Seattle (WIN) Mariners batting - Pitching for Milwaukee (WIN) Brewers : RHP Mark Hincks
Batting: LHB Jawad Fahad 0-0: Ball
1-0: Ball
2-0: Ball
3-0: Base on Balls
Batting: RHB Harutomi Matsubara 0-0: Called Strike
0-1: Ball
1-1: Ball
2-1: Ball
3-1: Fly out, F8 (Flyball, 89S, EV 91.2 MPH)
Batting: LHB Ryan Lowe 0-0: Called Strike
0-1: Foul Ball, location: 2F
0-2: Ground out 6-3 (Groundball, 6MS, EV 82.5 MPH)
Jawad Fahad to second
Batting: LHB Caleb Domino 0-0: Ball
1-0: Called Strike
1-1: Swinging Strike
1-2: Strikes out swinging
Bottom of the 6th over - 0 runs, 0 hits, 0 errors, 1 left on base; Milwaukee (WIN) 3 - Seattle (WIN) 3
TOP OF THE 7TH
Milwaukee (WIN) Brewers batting - Pitching for Seattle (WIN) Mariners : RHP Omar Colunga
Pitching: RHP Aidan Martin
Batting: RHB Vinny Estrada 0-0: Ball
1-0: Foul Ball, location: 2F
1-1: Swinging Strike
1-2: Foul Ball, location: 2F
1-2: Ball
2-2: Ball
3-2: Strikes out swinging
Batting: LHB Aaron Mobley 0-0: Foul Ball, location: 2F
0-1: Ball
1-1: Ball
2-1: Ball
3-1: Fly out, F7 (Flyball, 7S, EV 85.6 MPH)
Batting: RHB Daniel Donovan 0-0: Called Strike
0-1: Called Strike
0-2: Foul Ball, location: 2F
0-2: Ball
1-2: Ball
2-2: Ball
3-2: Foul Ball, location: 2F
3-2: Foul Ball, location: 2F
3-2: Strikes out looking
Top of the 7th over - 0 runs, 0 hits, 0 errors, 0 left on base; Milwaukee (WIN) 3 - Seattle (WIN) 3
BOTTOM OF THE 7TH
Seattle (WIN) Mariners batting - Pitching for Milwaukee (WIN) Brewers : RHP Mark Hincks
Batting: RHB Malik Brookshire 0-0: Called Strike
0-1: Ball
1-1: Swinging Strike
1-2: Foul Ball, location: 2F
1-2: Ground out 1-3 (Groundball, 25, EV 55.6 MPH)
Batting: RHB Brad Robidas 0-0: Ball
1-0: Called Strike
1-1: Called Strike
1-2: Foul Ball, location: 2F
1-2: Foul Ball, location: 2F
1-2: Strikes out swinging
Batting: RHB Rick Ellis 0-0: Called Strike
0-1: Called Strike
0-2: Strikes out swinging
Bottom of the 7th over - 0 runs, 0 hits, 0 errors, 0 left on base; Milwaukee (WIN) 3 - Seattle (WIN) 3
TOP OF THE 8TH
Milwaukee (WIN) Brewers batting - Pitching for Seattle (WIN) Mariners : RHP Aidan Martin
Pitching: LHP Matt Lee
Batting: RHB Nick Garland 0-0: Swinging Strike
0-1: Ball
1-1: Called Strike
1-2: Ball
2-2: Foul Ball, location: 2F
2-2: Ball
3-2: Foul Ball, location: 2F
3-2: Strikes out swinging
Batting: RHB Adrian Rudkilde 0-0: Ball
1-0: Ball
2-0: Foul Ball, location: 2F
2-1: Foul Ball, location: 2F
2-2: Strikes out swinging
Batting: SHB Jamel Wright 0-0: Called Strike
0-1: Swinging Strike
0-2: Ball
1-2: Strikes out swinging
Top of the 8th over - 0 runs, 0 hits, 0 errors, 0 left on base; Milwaukee (WIN) 3 - Seattle (WIN) 3
BOTTOM OF THE 8TH
Seattle (WIN) Mariners batting - Pitching for Milwaukee (WIN) Brewers : RHP Mark Hincks
Pitching: RHP Nick Butler
Batting: RHB Bill Vives 0-0: Called Strike
0-1: Ball
1-1: Called Strike
1-2: Strikes out looking
Batting: LHB Jerrod Cluck 0-0: Swinging Strike
0-1: Ball
1-1: Ball
2-1: Called Strike
2-2: Fly out, F8 (Flyball, 8LM, EV 87.5 MPH)
Batting: LHB Jawad Fahad 0-0: Called Strike
0-1: Swinging Strike
0-2: Strikes out looking
Bottom of the 8th over - 0 runs, 0 hits, 0 errors, 0 left on base; Milwaukee (WIN) 3 - Seattle (WIN) 3
TOP OF THE 9TH
Milwaukee (WIN) Brewers batting - Pitching for Seattle (WIN) Mariners : LHP Matt Lee
Pitching: RHP Victor Cervantes
Batting: LHB Gabe Harvey 0-0: Ground out 4-3 (Groundball, 34, EV 84.4 MPH)
Batting: RHB Eddie McCoy 0-0: Called Strike
0-1: Ball
1-1: Called Strike
1-2: Ball
2-2: Strikes out swinging
Batting: LHB Alfredo de la Cruz 0-0: Called Strike
0-1: Ball
1-1: TRIPLE (Flyball, 89XD, EV 92.5 MPH)
Batting: RHB Vinny Estrada 0-0: Called Strike
0-1: Fly out, F7 (Flyball, 7S, EV 89.4 MPH)
Top of the 9th over - 0 runs, 1 hit, 0 errors, 1 left on base; Milwaukee (WIN) 3 - Seattle (WIN) 3
BOTTOM OF THE 9TH
Seattle (WIN) Mariners batting - Pitching for Milwaukee (WIN) Brewers : RHP Nick Butler
Batting: RHB Harutomi Matsubara 0-0: Called Strike
0-1: Ball
1-1: SINGLE (Groundball, 34D, EV 95.0 MPH)
Batting: LHB Ryan Lowe 0-0: Ball
Harutomi Matsubara steals 2nd base
1-0: Foul Ball, location: 2F
1-1: Foul Ball, location: 2F
1-2: Strikes out swinging
Batting: LHB Caleb Domino 0-0: Intentional Walk
Pinch Hitting: LHB Tom Reynolds 0-0: Ball
Harutomi Matsubara steals 3rd base
1-0: Swinging Strike
1-1: Ball
Passed Ball!
Harutomi Matsubara scores
Bottom of the 9th over - 1 run, 1 hit, 0 errors, 1 left on base; Milwaukee (WIN) 3 - Seattle (WIN) 4
Wednesday, June 22nd , 2022 - OOTP Baseball 23.4 Build 64